[Event "German Championship Women 2022"]
[Site "Magdeburg"]
[Date "2022.08.18"]
[Round "7.11"]
[White "Mader, Lena"]
[Black "Peglau, Sarah"]
[Result "0-1"]
[ECO "A30"]
[WhiteElo "1826"]
[BlackElo "1782"]
[Annotator "NA RC"]
[PlyCount "72"]
[EventDate "2022.08.14"]
[EventType "swiss"]
[EventCountry "GER"]
[SourceTitle "playchess.com"]
[Source "ChessBase"]
[SourceQuality "1"]
[TimeControl "40/5400+30:1800+30"]

1. c4 c5 2. Nf3 Nc6 3. Nc3 e5 4. d3 d6 5. a3 f5 6. Rb1 a5 7. g3 Nf6 8. Bg2 Be7 9. Bd2 O-O 10. O-O h6 11. Nh4 Be6 12. Ng6 Rf7 13. Nd5 Kh7 14. Ngxe7 Nxe7 15. Nxf6+ Rxf6 16. Bxb7 Ra7 17. Bg2 f4 18. b4 axb4 19. axb4 cxb4 20. Rxb4 Qc8 21. Qb1 Ng6 22. Rb7 Ra6 23. Rb6 Rxb6 24. Qxb6 Bh3 25. Qb5 Bxg2 26. Kxg2 Qg4 27. f3 Nh4+ 28. Kg1 Qh3 29. Rf2 fxg3 30. hxg3 Qxg3+ 31. Kf1 Qh3+ 32. Ke1 Qh1+ 33. Rf1 Ng2+ 34. Kf2 Qh4+ 35. Kg1 Rg6 36. Rb1 Ne3# 0-1

[Event "German Championship Women 2022"]
[Site "Magdeburg"]
[Date "2022.08.18"]
[Round "7.12"]
[White "Petersen, Sophie"]
[Black "Mekus, Manuela"]
[Result "1-0"]
[ECO "B00"]
[WhiteElo "1597"]
[BlackElo "1638"]
[Annotator "NA RC"]
[PlyCount "65"]
[EventDate "2022.08.14"]
[EventType "swiss"]
[EventCountry "GER"]
[SourceTitle "playchess.com"]
[Source "ChessBase"]
[SourceQuality "1"]
[TimeControl "40/5400+30:1800+30"]

1. e4 d6 2. d4 Nd7 3. Nf3 g6 4. Nc3 Bg7 5. Be3 e5 6. dxe5 Nxe5 7. Nxe5 Bxe5 8. f4 Bf6 9. Qd2 Be6 10. O-O-O Ne7 11. Bd4 Nc6 12. Bxf6 Qxf6 13. Nd5 Qd8 14. Qc3 f6 15. Nxf6+ Kf7 16. e5 Qe7 17. Bc4 Rad8 18. Nd5 Bxd5 19. Bxd5+ Kg7 20. exd6+ Qf6 21. Qxf6+ Kxf6 22. dxc7 Rc8 23. Bxc6 bxc6 24. Rd6+ Kf5 25. Rxc6 Kxf4 26. Rf1+ Ke5 27. Rf7 a5 28. c4 a4 29. Rd7 Kf4 30. Rc5 Rhe8 31. Kd2 h5 32. Rd4+ Re4 33. Rd8 1-0

[Event "German Championship Women 2022"]
[Site "Magdeburg"]
[Date "2022.08.19"]
[Round "8.1"]
[White "Schulze, Lara"]
[Black "Moenster, Madita"]
[Result "0-1"]
[ECO "B51"]
[WhiteElo "2292"]
[BlackElo "1864"]
[Annotator "NA RC"]
[PlyCount "74"]
[EventDate "2022.08.14"]
[EventType "swiss"]
[EventCountry "GER"]
[SourceTitle "playchess.com"]
[Source "ChessBase"]
[SourceQuality "1"]
[TimeControl "40/5400+30:1800+30"]

1. e4 c5 2. Nf3 d6 3. Bb5+ Nd7 4. c4 a6 5. Ba4 Ngf6 6. Nc3 e6 7. d3 Be7 8. O-O O-O 9. Ne1 Ne5 10. f4 Nc6 11. g4 Nd7 (11... b5 $15 {should be considered.} 12. cxb5 axb5 13. Nxb5 (13. Bxb5 Nd4 $11) 13... Bb7) 12. g5 f5 ({Black should try} 12... e5 $17) 13. gxf6 $11 Nxf6 14. Nf3 Bd7 15. Bd2 Rb8 16. a3 Qc7 17. Rb1 Nd8 18. b4 b5 19. Bb3 Kh8 20. bxc5 dxc5 21. f5 exf5 22. e5 Ng8 23. Nd5 Qc6 24. Kh1 Ne6 25. Qe1 Bd8 26. Qg3 Ne7 27. Bg5 Ng6 28. h4 Bxg5 29. hxg5 f4 30. Qg2 Nd4 31. Nxd4 cxd4 32. cxb5 Rxb5 33. Rbc1 Qa8 34. Bc4 Bc6 35. Bxb5 Bxd5 36. Bc6 Bxg2+ 37. Kxg2 Qd8 0-1

[Event "German Championship Women 2022"]
[Site "Magdeburg"]
[Date "2022.08.19"]
[Round "8.2"]
[White "Voicu-Jagodzinsky, Carmen"]
[Black "Muetsch, Annmarie"]
[Result "1/2-1/2"]
[ECO "A05"]
[WhiteElo "2258"]
[BlackElo "2249"]
[Annotator "NA RC"]
[PlyCount "53"]
[EventDate "2022.08.14"]
[EventType "swiss"]
[EventCountry "GER"]
[SourceTitle "playchess.com"]
[Source "ChessBase"]
[SourceQuality "1"]
[TimeControl "40/5400+30:1800+30"]

1. Nf3 Nf6 2. c4 g6 3. b3 Bg7 4. Bb2 d6 5. g3 O-O 6. Bg2 c5 7. O-O Nc6 8. d3 Bd7 9. Nc3 a6 10. Qd2 Rb8 11. e3 $11 b5 12. Nh4 b4 13. Ne2 (13. Nd5 $11) 13... a5 14. Rad1 e5 15. d4 cxd4 16. exd4 e4 17. d5 Ne7 18. Bxf6 Bxf6 19. Qf4 Nf5 20. Nxf5 Bxf5 21. Bxe4 Re8 22. Bf3 Bg5 23. Qd4 Bf6 24. Qd2 Bg5 25. Qd4 Bf6 26. Qd2 Bg5 27. Qd4 1/2-1/2

[Event "German Championship Women 2022"]
[Site "Magdeburg"]
[Date "2022.08.19"]
[Round "8.3"]
[White "Bazzazi, Elnaz"]
[Black "Falke, Ornella"]
[Result "1-0"]
[ECO "B22"]
[WhiteElo "1766"]
[BlackElo "1912"]
[Annotator "NA RC"]
[PlyCount "59"]
[EventDate "2022.08.14"]
[EventType "swiss"]
[EventCountry "GER"]
[SourceTitle "playchess.com"]
[Source "ChessBase"]
[SourceQuality "1"]
[TimeControl "40/5400+30:1800+30"]

1. e4 c5 2. c3 Nf6 3. d3 Nc6 4. f4 d5 5. e5 Nd7 6. Na3 a6 7. g3 b5 8. Bg2 Nb6 9. Ne2 Bg4 10. Nc2 e6 11. Ne3 Bxe2 12. Qxe2 Qc7 13. O-O Be7 14. Kh1 h5 15. Qf3 g6 16. b3 Kd7 17. c4 d4 18. Nd5 exd5 19. cxd5 Nb4 20. d6 Bxd6 21. exd6 Qxd6 22. f5 Rae8 23. fxg6 fxg6 24. Bh3+ Kd8 25. Bg5+ Re7 26. Rae1 N4d5 27. Re6 Qc7 28. Rxe7 Nxe7 29. Qf8+ Rxf8 30. Rxf8# 1-0

[Event "German Championship Women 2022"]
[Site "Magdeburg"]
[Date "2022.08.19"]
[Round "8.4"]
[White "Kunze, Kerstin"]
[Black "Zhou, Lepu Coco"]
[Result "1/2-1/2"]
[ECO "B45"]
[WhiteElo "2020"]
[BlackElo "1986"]
[Annotator "NA RC"]
[PlyCount "87"]
[EventDate "2022.08.14"]
[EventType "swiss"]
[EventCountry "GER"]
[SourceTitle "playchess.com"]
[Source "ChessBase"]
[SourceQuality "1"]
[TimeControl "40/5400+30:1800+30"]

1. e4 c5 2. Nf3 e6 3. Nc3 Nc6 4. d4 cxd4 5. Nxd4 Nf6 6. a3 d5 7. exd5 exd5 8. Bb5 Bd7 9. O-O Be7 10. Nf3 a6 11. Ba4 Bg4 12. h3 Bxf3 13. Qxf3 b5 14. Bb3 Nd4 15. Qd3 Nxb3 16. cxb3 O-O 17. Rd1 Qc7 18. Bg5 Rad8 19. Bxf6 Bxf6 20. Nxd5 Qe5 21. Nxf6+ Qxf6 22. Qc3 Rxd1+ 23. Rxd1 Rd8 24. Rxd8+ Qxd8 25. Qc6 h6 26. Qxa6 Qd1+ 27. Kh2 Qxb3 28. Qc8+ Kh7 29. Qc3 Qd5 30. Qb4 g5 31. b3 Qe5+ 32. g3 Qd5 33. a4 Qf3 34. Qc5 b4 35. a5 Qxb3 36. Qf5+ Kg7 37. Qe5+ Kg6 38. Qe4+ Kg7 39. Qd4+ Kg6 40. Qe4+ Kg7 41. a6 Qb2 42. Qe3 Qa1 43. a7 b3 44. Qxb3 1/2-1/2

[Event "German Championship Women 2022"]
[Site "Magdeburg"]
[Date "2022.08.19"]
[Round "8.5"]
[White "Halas, Julia"]
[Black "Braun, Kristin"]
[Result "0-1"]
[ECO "E92"]
[WhiteElo "2012"]
[BlackElo "1897"]
[Annotator "NA RC"]
[PlyCount "98"]
[EventDate "2022.08.14"]
[EventType "swiss"]
[EventCountry "GER"]
[SourceTitle "playchess.com"]
[Source "ChessBase"]
[SourceQuality "1"]
[TimeControl "40/5400+30:1800+30"]

1. d4 Nf6 2. c4 g6 3. Nc3 Bg7 4. e4 d6 5. Nf3 O-O 6. Be2 e5 7. Be3 exd4 8. Nxd4 Re8 9. f3 c6 10. Qd2 d5 11. exd5 cxd5 12. O-O Nc6 13. c5 Nh5 14. Rad1 Qh4 15. Bf2 Qf4 16. Qxf4 Nxf4 17. Bb5 Bd7 18. Kh1 a6 19. Ba4 Rad8 20. Bb3 Ne6 21. Nce2 Bc8 22. Nxe6 fxe6 23. Rd2 Na5 24. Bh4 Nxb3 25. axb3 Rd7 26. Rfd1 Rc7 27. b4 Bd7 28. Bg3 Rcc8 29. Bd6 Bh6 30. f4 g5 31. g3 gxf4 32. Bxf4 Bf8 33. Be5 Bg7 34. Bxg7 Kxg7 35. Nf4 b6 36. cxb6 Rc6 37. Nd3 Rxb6 38. Ne5 Ba4 39. Rc1 Re7 40. Rd4 Reb7 41. Nd3 Be8 42. Kg1 Kf6 43. Rf1+ Ke7 44. Nc5 Rxb4 45. Rdd1 R7b6 46. Rfe1 Rd6 47. Rd2 Bg6 48. Ra1 Rc6 49. Nxa6 Rbb6 0-1

[Event "German Championship Women 2022"]
[Site "Magdeburg"]
[Date "2022.08.19"]
[Round "8.6"]
[White "Birkholz, Olga"]
[Black "Peglau, Dora"]
[Result "1-0"]
[ECO "A05"]
[WhiteElo "2002"]
[BlackElo "1920"]
[Annotator "NA RC"]
[PlyCount "71"]
[EventDate "2022.08.14"]
[EventType "swiss"]
[EventCountry "GER"]
[SourceTitle "playchess.com"]
[Source "ChessBase"]
[SourceQuality "1"]
[TimeControl "40/5400+30:1800+30"]

1. Nf3 Nf6 2. b3 g6 3. Bb2 Bg7 4. c4 c5 5. e3 O-O 6. Be2 d5 7. O-O Nc6 8. cxd5 Nxd5 9. Bxg7 Kxg7 10. Qc1 Qd6 11. Na3 e5 12. Qb2 f6 13. Nb5 Qe7 14. d4 a6 15. Na3 cxd4 16. Bc4 Be6 17. exd4 b5 18. Be2 Nxd4 19. Nxd4 exd4 20. Nc2 d3 21. Bxd3 Nf4 22. Be4 Bd5 23. Bxd5 Nxd5 24. Rfe1 Qf7 25. Nd4 Rfe8 26. Qd2 Rxe1+ 27. Rxe1 Re8 28. Rc1 Qe7 29. g3 Qb7 30. Rd1 Re7 31. h4 h5 32. b4 Nb6 33. Qf4 Nd5 34. Qd6 Kf7 35. Nc6 Qd7 36. Qxd5+ 1-0

[Event "German Championship Women 2022"]
[Site "Magdeburg"]
[Date "2022.08.19"]
[Round "8.7"]
[White "Voigt, Anastasia"]
[Black "Basovskiy, Jana"]
[Result "1/2-1/2"]
[ECO "B18"]
[WhiteElo "1694"]
[BlackElo "1867"]
[Annotator "NA RC"]
[PlyCount "79"]
[EventDate "2022.08.14"]
[EventType "swiss"]
[EventCountry "GER"]
[SourceTitle "playchess.com"]
[Source "ChessBase"]
[SourceQuality "1"]
[TimeControl "40/5400+30:1800+30"]

1. e4 c6 2. d4 d5 3. Nd2 dxe4 4. Nxe4 Bf5 5. Ng3 Bg6 6. Nf3 e6 7. Bc4 Nd7 8. c3 Ngf6 9. O-O Be7 10. Re1 O-O 11. Nh4 c5 12. Nxg6 hxg6 13. dxc5 Nxc5 14. Be3 Rc8 15. Qc2 Qc7 16. Be2 Nd5 17. Bxc5 Bxc5 18. Bf3 Rfd8 19. Rad1 Nf6 20. Ne4 Nxe4 21. Bxe4 b6 22. g3 b5 23. Rxd8+ Rxd8 24. Rd1 a6 25. Rxd8+ Qxd8 26. Qd3 Qf6 27. Qd2 Ba7 28. Kg2 e5 29. h3 Qb6 30. Bd5 Qc5 31. g4 g5 32. Be4 Qb6 33. Qe2 g6 34. Qf3 Kg7 35. Bd5 Qc7 36. Qe4 Qd6 37. Qf3 Qc7 38. Qe4 Qd6 39. Qf3 Qc7 40. Qe4 1/2-1/2

[Event "German Championship Women 2022"]
[Site "Magdeburg"]
[Date "2022.08.19"]
[Round "8.8"]
[White "Bluebaum, Johanna"]
[Black "Heil, Marina"]
[Result "1-0"]
[ECO "A85"]
[WhiteElo "2013"]
[BlackElo "1926"]
[Annotator "NA RC"]
[PlyCount "105"]
[EventDate "2022.08.14"]
[EventType "swiss"]
[EventCountry "GER"]
[SourceTitle "playchess.com"]
[Source "ChessBase"]
[SourceQuality "1"]
[TimeControl "40/5400+30:1800+30"]

1. d4 f5 2. c4 Nf6 3. Nc3 e6 4. e3 b6 5. Bd3 Bb7 6. f3 Nh5 7. Qe2 Qh4+ 8. Qf2 Qxf2+ 9. Kxf2 Nc6 10. Nge2 O-O-O 11. Bd2 Be7 12. a3 g5 13. b4 d6 14. Na2 Bf6 15. b5 Ne7 16. Rhc1 e5 17. d5 e4 18. fxe4 fxe4 19. Bxe4 Bxa1 20. Rxa1 Rdf8+ 21. Kg1 h6 22. Nd4 Nf6 23. Bd3 a5 24. Ne6 Rf7 25. e4 Ng4 26. Bc3 Ne5 27. Be2 Rg8 28. Nc1 N7g6 29. g3 Nf8 30. Bxe5 dxe5 31. Bg4 Kb8 32. Nd3 Nd7 33. Rc1 Bc8 34. Bf5 Rf6 35. c5 Nf8 36. cxb6 Nxe6 37. dxe6 cxb6 38. Rc6 Re8 39. Nxe5 Rexe6 40. Bxe6 Rxe6 41. Rxe6 Bxe6 42. Kf2 Kc7 43. Ke3 Kd6 44. Kd4 h5 45. Nc4+ Bxc4 46. Kxc4 Ke5 47. Kd3 h4 48. a4 Kd6 49. Kd4 Ke6 50. g4 h3 51. e5 Kd7 52. Kd5 Ke7 53. e6 1-0

[Event "German Championship Women 2022"]
[Site "Magdeburg"]
[Date "2022.08.19"]
[Round "8.9"]
[White "Wartenberg, Alissa"]
[Black "Spiel, Marianne"]
[Result "1-0"]
[ECO "C11"]
[WhiteElo "1632"]
[BlackElo "1893"]
[Annotator "NA RC"]
[PlyCount "121"]
[EventDate "2022.08.14"]
[EventType "swiss"]
[EventCountry "GER"]
[SourceTitle "playchess.com"]
[Source "ChessBase"]
[SourceQuality "1"]
[TimeControl "40/5400+30:1800+30"]

1. e4 e6 2. d4 d5 3. Nc3 Nf6 4. e5 Nfd7 5. Nce2 c5 6. c3 Nc6 7. Nf3 Qb6 8. a3 cxd4 9. cxd4 f6 10. exf6 Nxf6 11. Nc3 Bd6 12. Be3 O-O 13. Bd3 a6 14. O-O Qc7 15. h3 Bd7 16. Rc1 Be8 17. b4 Qe7 18. Re1 Bh5 19. Bb1 Rac8 20. Bg5 Qf7 21. Bxf6 Qxf6 22. Qd3 Bg6 23. Qe2 Bf4 24. Rcd1 Bxb1 25. Rxb1 Nxd4 26. Nxd4 Rxc3 27. Nxe6 Re8 28. Qg4 Bd6 29. Nc5 Rf8 30. Re2 Bxc5 31. bxc5 Rxc5 32. Rxb7 Rc1+ 33. Kh2 Qd6+ 34. g3 Rc7 35. Rxc7 Qxc7 36. Qe6+ Qf7 37. Qxa6 Qf3 38. Qe6+ Kh8 39. a4 d4 40. Qe4 Qf6 41. Rd2 Rd8 42. Kg2 h6 43. a5 Qg5 44. Rxd4 Rxd4 45. Qxd4 Qxa5 46. Qe4 Qd2 47. Qe8+ Kh7 48. Qf7 Qc2 49. g4 Qe4+ 50. Qf3 Qxf3+ 51. Kxf3 Kg6 52. Kf4 Kf6 53. h4 g5+ 54. hxg5+ hxg5+ 55. Ke4 Ke6 56. f3 Kf6 57. Kd5 Kf7 58. Ke5 Kg6 59. Ke6 Kg7 60. Kf5 Kh6 61. Kf6 1-0

[Event "German Championship Women 2022"]
[Site "Magdeburg"]
[Date "2022.08.19"]
[Round "8.10"]
[White "Just, Anita"]
[Black "Fock, Sana"]
[Result "0-1"]
[ECO "B92"]
[WhiteElo "1905"]
[BlackElo "1807"]
[Annotator "NA RC"]
[PlyCount "110"]
[EventDate "2022.08.14"]
[EventType "swiss"]
[EventCountry "GER"]
[SourceTitle "playchess.com"]
[Source "ChessBase"]
[SourceQuality "1"]
[TimeControl "40/5400+30:1800+30"]

1. e4 c5 2. Nf3 d6 3. d4 cxd4 4. Nxd4 Nf6 5. Nc3 a6 6. Be2 e5 7. Nb3 Be7 8. O-O O-O 9. f4 exf4 10. Bxf4 Nc6 11. Kh1 Ne5 12. Nd4 h6 13. Nf5 Bxf5 14. exf5 Rc8 15. Qd4 Qc7 16. Qf2 Kh7 17. Rad1 Rfd8 18. Rfe1 Qa5 19. Bf3 Rd7 20. Bxe5 dxe5 21. Rxd7 Nxd7 22. Bxb7 Rb8 23. Be4 Nf6 24. Nd1 Rd8 25. Nc3 Bb4 26. h3 Bxc3 27. bxc3 Qxc3 28. Bd3 a5 29. Qe3 e4 30. Bxe4 Qxe3 31. Rxe3 Re8 32. Ra3 Rxe4 33. Rxa5 Rc4 34. Ra7 Rxc2 35. a4 Nd5 36. Rxf7 Kg8 37. Rd7 Ne3 38. g4 Ra2 39. Ra7 Nc4 40. Kg1 Kf8 41. Kh1 Ne5 42. Kg1 Nf3+ 43. Kf1 Ng5 44. h4 Ne4 45. a5 Ng3+ 46. Kg1 h5 47. Ra8+ Kf7 48. Ra7+ Kf6 49. Ra6+ Ke5 50. gxh5 Kf4 51. Rb6 Kg4 52. Rb3 Kh3 53. Rxg3+ Kxg3 54. Kf1 Rxa5 55. f6 Rf5+ 0-1

[Event "German Championship Women 2022"]
[Site "Magdeburg"]
[Date "2022.08.19"]
[Round "8.11"]
[White "Perez Celis, Alba"]
[Black "Storkebaum, Ulrike"]
[Result "0-1"]
[ECO "C44"]
[WhiteElo "1816"]
[BlackElo "1768"]
[Annotator "NA RC"]
[PlyCount "62"]
[EventDate "2022.08.14"]
[EventType "swiss"]
[EventCountry "GER"]
[SourceTitle "playchess.com"]
[Source "ChessBase"]
[SourceQuality "1"]
[TimeControl "40/5400+30:1800+30"]

1. e4 e5 2. Nf3 Nc6 3. c3 Nf6 4. d4 exd4 5. e5 Ne4 6. cxd4 Bb4+ 7. Nbd2 d5 8. Bb5 O-O 9. Bxc6 bxc6 10. Qa4 Bxd2+ 11. Nxd2 Bd7 12. Nxe4 dxe4 13. Qc2 f5 14. O-O Qe7 15. Rd1 Qe6 16. b3 Qd5 17. Ba3 Rfe8 18. Qd2 a5 19. Bc5 Be6 20. Rac1 a4 21. Rc4 axb3 22. axb3 Qd7 23. Rc3 Bd5 24. Rh3 Qf7 25. b4 Ra2 26. Qg5 Rea8 27. Rc3 f4 28. h4 e3 29. f3 h6 30. Qe7 Qg6 31. g4 Bxf3 0-1

[Event "German Championship Women 2022"]
[Site "Magdeburg"]
[Date "2022.08.19"]
[Round "8.12"]
[White "Mekus, Manuela"]
[Black "Peglau, Sarah"]
[Result "0-1"]
[ECO "A00"]
[WhiteElo "1638"]
[BlackElo "1782"]
[Annotator "NA"]
[PlyCount "44"]
[EventDate "2022.08.14"]
[EventType "swiss"]
[EventCountry "GER"]
[SourceTitle "playchess.com"]
[Source "ChessBase"]
[SourceQuality "1"]
[TimeControl "40/5400+30:1800+30"]

1. d3 d5 2. c3 e5 3. g3 f5 4. Bg2 Nf6 5. Nd2 Bd6 6. e4 c6 7. Ne2 O-O 8. O-O f4 9. exd5 Nxd5 10. Nf3 Kh8 11. c4 Ne7 12. Qc2 c5 13. Nc3 Nbc6 14. Ne4 Bf5 15. b3 Ng6 16. Bb2 Nd4 17. Bxd4 exd4 18. Nxd6 Qxd6 19. Nd2 Ne5 20. Ne4 Bxe4 21. Bxe4 f3 22. Qd2 Qd7 0-1

[Event "German Championship Women 2022"]
[Site "Magdeburg"]
[Date "2022.08.20"]
[Round "9.1"]
[White "Schulze, Lara"]
[Black "Bazzazi, Elnaz"]
[Result "1-0"]
[ECO "B45"]
[WhiteElo "2292"]
[BlackElo "1766"]
[Annotator "TA"]
[PlyCount "41"]
[EventDate "2022.08.14"]
[EventType "swiss"]
[EventCountry "GER"]
[SourceTitle "playchess.com"]
[Source "ChessBase"]
[SourceQuality "1"]
[TimeControl "40/5400+30:1800+30"]

1. e4 c5 2. Nc3 Nc6 3. Nf3 e6 4. d4 cxd4 5. Nxd4 Bc5 6. Nb3 Bb6 7. Be2 Nge7 8. O-O O-O 9. Bf4 f5 10. Bd6 fxe4 {[%emt 0:01:30] B40: Sicilian: 2...e6, Unusual lines.} 11. Nxe4 Rf7 12. c4 {[%emt 0:06:51][%cal Bc2c4,Bc4c5][%mdl 32] [#]} a5 $146 {[%emt 0:01:45] White is slightly better.} ({Predecessor:} 12... Nf5 13. c5 Bc7 14. Bh5 g6 15. Bf3 Ne5 16. Be2 b6 17. Nd4 Bb7 18. Nxf5 gxf5 19. cxb6 axb6 20. Bxc7 Qxc7 {0-1 (46) Tan,J (1663)-Cheah,E (1991) Penang 2018}) 13. c5 Ba7 14. Nd4 {[%emt 0:07:52] White is much more active.} Nxd4 15. Qxd4 b6 (15... Nf5 $16 16. Qe5 b5) 16. Ng5 $18 bxc5 $2 {[%emt 0:02:27] [#]} (16... Nc6 17. Qg4 (17. Nxf7 Nxd4 18. Nxd8 Nxe2+ 19. Kh1 bxc5 $15) (17. Qh4 h6 $11) 17... Rf6) 17. Qe4 {[%emt 0:04:58] White is clearly winning.} Rf5 18. Bxe7 Qxe7 19. Qxa8 Rxg5 20. Qxc8+ Kf7 21. Qb7 {[%emt 0:00:37] Black did not feel at home in the position after the opening.  Weighted Error Value: White=0.20 (precise) /Black=0.42} 1-0

[Event "German Championship Women 2022"]
[Site "Magdeburg"]
[Date "2022.08.20"]
[Round "9.2"]
[White "Moenster, Madita"]
[Black "Voicu-Jagodzinsky, Carmen"]
[Result "0-1"]
[ECO "C11"]
[WhiteElo "1864"]
[BlackElo "2258"]
[Annotator "TA"]
[PlyCount "72"]
[EventDate "2022.08.14"]
[EventType "swiss"]
[EventCountry "GER"]
[SourceTitle "playchess.com"]
[Source "ChessBase"]
[SourceQuality "1"]
[TimeControl "40/5400+30:1800+30"]

1. e4 e6 2. d4 d5 3. Nc3 Nf6 4. e5 Nfd7 5. f4 c5 6. Nf3 Nc6 7. Be3 a6 8. Qd2 b5 9. dxc5 Bxc5 10. Bd3 {[%emt 0:00:51] C11: French: Classical System: 4 e5 and 4 Bg5 dxe4.} h6 ({Don't do} 10... d4 11. Nxd4 Nxd4 12. Ne4 $16) 11. Bf2 Qb6 12. O-O {[%emt 0:01:16] The position is equal.} O-O 13. a3 {[%emt 0:02:39] [#]} b4 $146 ({Better is} 13... Ra7 $11) ({Predecessor:} 13... f6 14. exf6 Nxf6 15. Rae1 Bd7 16. b4 Bxf2+ 17. Qxf2 Qxf2+ 18. Kxf2 g5 19. Ne2 Rf7 20. fxg5 hxg5 {1-0 (52) Deac,B (2679)-Grischuk,A (2764) Chess.com INT 2022}) 14. axb4 ({White should try} 14. Na4 $1 $14 Bxf2+ 15. Rxf2) 14... Qxb4 15. Na4 Bxf2+ 16. Qxf2 (16. Rxf2 $11 Qxd2 17. Rxd2) 16... Qxf4 $17 17. g3 (17. Rfe1 $142) 17... Qb4 18. c3 Qe7 (18... Qb8 $19 {has better winning chances.} 19. b4 Ndxe5 20. Nxe5 Nxe5) 19. Qe3 a5 20. Rfe1 (20. Nb6 $142 Rb8 21. Nxd7 Bxd7 22. Rab1) 20... Ba6 21. Bc2 f6 ({Black should play} 21... Rfb8 22. b3 Rb7) 22. exf6 Rxf6 {[%emt 0:00:49] [#] aiming for ...Qf7.} 23. Rad1 $2 {[%emt 0:04:09] This move loses the game for White.} (23. Nb6 $17 {might work better.} Rxf3 24. Qxf3 Nxb6 25. Qe3) 23... Qf7 $19 24. Nd4 (24. Nc5 {was forced.} Rxf3 25. Qxe6 Qxe6 26. Nxe6) 24... Nce5 25. b4 (25. Nb6 $142 Nxb6 26. Qxe5) 25... Ng4 26. Qc1 Nde5 27. Rd2 Nc4 28. Rde2 e5 29. b5 Bb7 30. h3 Nf2 31. Nc6 Nxh3+ 32. Kg2 Bxc6 33. bxc6 Ng5 {[%emt 0:00:47] [#] ( -> ...Qh5)} 34. Rf1 Rf8 {[%emt 0:00:19] Black mates.} 35. Rxf6 Qxf6 36. Qe1 Qxc6 {[%emt 0:01:18] Weighted Error Value: White=1.08/Black=0.33} (36... Qf3+ $142 37. Kg1 Qh5 38. Rf2 Nh3+ 39. Kg2 Nxf2 40. Qxf2 Rxf2+ 41. Kxf2 Qh2+ 42. Kf3 Qxc2 43. Nc5 e4+ 44. Nxe4 dxe4+ 45. Kg4 Qe2+ 46. Kh3 Ne3 47. g4 Qxg4+ 48. Kh2 Qg2#) 0-1

[Event "German Championship Women 2022"]
[Site "Magdeburg"]
[Date "2022.08.20"]
[Round "9.3"]
[White "Muetsch, Annmarie"]
[Black "Braun, Kristin"]
[Result "1-0"]
[ECO "B23"]
[WhiteElo "2249"]
[BlackElo "1897"]
[Annotator "TA"]
[PlyCount "109"]
[EventDate "2022.08.14"]
[EventType "swiss"]
[EventCountry "GER"]
[SourceTitle "playchess.com"]
[Source "ChessBase"]
[SourceQuality "1"]
[TimeControl "40/5400+30:1800+30"]

1. e4 c5 2. Nc3 g6 3. d4 cxd4 4. Qxd4 Nf6 5. Be3 Nc6 6. Qd2 {[%emt 0:00:09] B23: Closed Sicilian: Lines without g3.} Bg7 7. f3 {[%emt 0:01:24] Prevents Ng4.} d6 8. O-O-O {[%emt 0:00:17] White is slightly better.} Be6 9. Nge2 Qa5 10. Kb1 b5 11. Nc1 {[%emt 0:07:30] [#]} b4 $146 {[%emt 0:04:57] [#]} (11... a6 $11 {remains equal.}) ({Predecessor:} 11... a6 12. Nb3 Qc7 13. Bh6 Bxh6 14. Qxh6 Qb6 15. Nd5 Bxd5 16. exd5 Nb4 17. c4 Rc8 {½-½ (26) Nekhaev,A (2487)-Cerrato,R (2485) ICCF email 2017}) 12. Nd5 $1 $16 O-O 13. Nb3 Qd8 14. Bb5 Bxd5 15. exd5 Ne5 16. Qxb4 Qc7 17. Rhe1 Rab8 {[%emt 0:01:41] [#]} (17... a6 $16 {was necessary.} 18. Be2 Rfc8) 18. Qa4 $1 $36 {[%emt 0:01:19][%mdl 2048] White is really pushing.} Rfc8 19. c3 {[%emt 0:02:05] Active counter play!} Qb7 (19... a6 {was worth a try.} 20. Bxa6 (20. Qxa6 Bh6 $16) 20... Ra8) 20. Ba6 {[%emt 0:01:14] A strong pair of Bishops.} Qc7 21. f4 Nc4 22. Qxc4 (22. Bxc8 Qxc8 23. Qc6 (23. Bxa7 Nxb2 24. Kxb2 Nxd5 $11) 23... Qf5+ 24. Ka1 Nxe3 25. Rxe3 Qg4 $18) 22... Qxc4 23. Bxc4 Rxc4 24. Bxa7 Ra8 25. Bd4 (25. Rxe7 $6 Rxf4 26. Rb7 Bf8 $18) 25... Rca4 26. a3 ({Much less strong is} 26. Rxe7 Nxd5 27. Rd7 Rxa2 28. Bxg7 (28. Rxd6 Nxf4 29. Bxg7 Kxg7 $18) 28... Ne3 $18) 26... Rb8 27. Kc2 ({Weaker is} 27. Rxe7 Rxb3 28. Rde1 Rb5 $15) 27... Rb7 28. Bxf6 Bxf6 29. g3 Ra8 30. Re4 Rc7 31. Rd3 Kf8 32. Rb4 Rac8 33. Nd2 Bg7 34. c4 h6 35. Rb6 g5 36. f5 Be5 37. b4 h5 (37... Ra8 {was called for.} 38. Rb5 Kg7) 38. Kb3 h4 39. a4 hxg3 40. hxg3 Kg7 41. Rc6 Rxc6 42. dxc6 Rxc6 {[%emt 0:00:03][%mdl 4096] Endgame KRB-KRN} 43. a5 e6 44. fxe6 fxe6 45. b5 Rc8 46. Ne4 Rd8 47. Nxg5 Kf6 48. Ne4+ Kf5 49. Nc3 d5 50. cxd5 exd5 51. Rxd5 Rc8 52. Rd3 Ke6 53. b6 Rc5 54. Kb4 Bd6 {[%emt 0:00:00] [#]} 55. Rxd6+ $1 {[%emt 0:00:00] Weighted Error Value: White=0.08 (flawless) /Black=0.33} 1-0

[Event "German Championship Women 2022"]
[Site "Magdeburg"]
[Date "2022.08.20"]
[Round "9.4"]
[White "Birkholz, Olga"]
[Black "Kunze, Kerstin"]
[Result "1-0"]
[ECO "A05"]
[WhiteElo "2002"]
[BlackElo "2020"]
[Annotator "NA RC"]
[PlyCount "61"]
[EventDate "2022.08.14"]
[EventType "swiss"]
[EventCountry "GER"]
[SourceTitle "playchess.com"]
[Source "ChessBase"]
[SourceQuality "1"]
[TimeControl "40/5400+30:1800+30"]

1. Nf3 Nf6 2. g3 c5 3. Bg2 g6 4. c3 Bg7 5. O-O O-O 6. d4 cxd4 7. cxd4 d5 8. Nc3 Ne4 9. Qb3 Nxc3 10. bxc3 Nc6 11. Bf4 e6 12. h4 h6 13. Rad1 Na5 14. Qb4 Re8 15. e4 dxe4 16. Ne5 g5 17. hxg5 hxg5 18. Bxg5 f6 19. Bh4 Qc7 20. Ng4 Kf7 21. Bxe4 f5 22. Ne5+ Bxe5 23. dxe5 Qxe5 24. Bf3 Kg6 25. Rfe1 Qc7 26. Qd4 e5 27. Qe3 f4 28. Qe4+ Bf5 29. Bh5+ Kxh5 30. Qxf5+ Kh6 31. Bg5+ 1-0